 Dungeon Crawl Stone Soup version 0.27-a0-1182-gee19b5822f (webtiles) character file.

Game seed: 1315118588689813484

26 DasRunzen the Ducker (level 2, -3/24 HPs)
             Began as a Demigod Gladiator on May 18, 2021.
             Frozen to death by an endoplasm (4 damage)
             ... on level 2 of the Dungeon.
             The game lasted 00:01:39 (852 turns).

DasRunzen the Ducker (Demigod Gladiator)             Turns: 852, Time: 00:01:40

Health: -3/24      AC:  5    Str: 15    XL:     2   Next: 69%
Magic:  4/4        EV: 12    Int: 10    God:
Gold:   17         SH:  0    Dex: 15    Spells: 1/1 levels left

rFire    . . .     SeeInvis .   a - +0 trident
rCold    . . .     Faith    .   (no shield)
rNeg     . . .     Spirit   .   b - +0 leather armour
rPois    .         Reflect  .   c - +0 helmet
rElec    .         Harm     .   (no cloak)
rCorr    .         Rampage  .   (no gloves)
Will     .....                  f - +0 pair of boots
Stlth    +.........             (no amulet)
HPRegen  0.08/turn              (no ring)
MPRegen  0.09/turn              (no ring)

@: no status effects
A: high mp 1, forlorn
a: no special abilities


You were on level 2 of the Dungeon.
You visited 1 branch of the dungeon, and saw 2 of its levels.

You collected 17 gold pieces.

Inventory:

Hand Weapons
 a - a +0 trident (weapon)
Missiles
 d - 3 throwing nets (quivered)
Armour
 b - a +0 leather armour (worn)
 c - a +0 helmet (worn)
 f - a +0 pair of boots (worn)
Jewellery
 e - a ring of protection from cold
 h - a ring of magical power
Scrolls
 g - a scroll of identify {unknown}


   Skills:
 + Level 2.1 Fighting
 + Level 3.0 Polearms
 - Level 1.7 Throwing
 + Level 1.0 Armour
 + Level 3.0 Dodging


You had one spell level left.
You didn't know any spells.
Your spell library contained the following spells:

 Spells                   Type           Power      Damage    Failure   Level
 Animate Skeleton         Necr           0%         N/A       43%         1
 Pain                     Necr           0%         1d4       43%         1
 Vampiric Draining        Necr           0%         2d6       80%         3
 Animate Dead             Necr           0%         N/A       99%         4
 Agony                    Necr           0%         N/A       100%        5


Dungeon Overview and Level Annotations

Branches:
Dungeon (2/15)


Innate Abilities, Weirdness & Mutations

Your attributes grow dramatically as you level up.
You have an increased reservoir of magic. (+10% MP)
You shall have no god before yourself.


Message History

You feel sick.
You feel sick. The bat barely misses you.
You feel sick.
You feel sick.
You are no longer poisoned.
The bat hits you but does no damage. The bat barely misses you.
The bat barely misses you. The bat barely misses you.
The bat closely misses you.
You miss the bat. The bat hits you.
* * * LOW HITPOINT WARNING * * *
The bat closely misses you.
The endoplasm hits you but does no damage.
You miss the bat. The bat closely misses you.
The bat hits you but does no damage. The endoplasm closely misses you.
You puncture the bat!
You kill the bat!
The endoplasm hits you.
* * * LOW HITPOINT WARNING * * *
The bat misses you. The bat closely misses you. x2
The bat barely misses you.
You closely miss the bat. The bat barely misses you. The bat hits you.
* * * LOW HITPOINT WARNING * * *
You barely miss the bat. The bat barely misses you. The bat misses you.
You hit the bat.
The bat is moderately wounded.
The bat misses you. The bat barely misses you.
You hit the bat.
You kill the bat!
You barely miss the endoplasm. The endoplasm freezes you.
You are frozen.
* * * LOW HITPOINT WARNING * * *
You barely miss the endoplasm. The endoplasm closely misses you.
You hit the endoplasm.
The endoplasm is moderately wounded.
The endoplasm barely misses you. The endoplasm freezes you.
You are frozen.
You die...

########### #. ####
#......... #..#..
........# #..#.#
........# #..#@#
........# #..#J#
........### #...g#
........... +....#
#.######### #....#
........... +....#
...######## #....#
.#.#############.##.##P
.#.......>...g..........


You could see an endoplasm and a goblin.

Vanquished Creatures
  An adder (D:2)
  A dart slug (D:1)
  2 goblins (D:1)
  4 hobgoblins
  A quokka (D:1)
  5 bats
  A rat (D:1)
15 creatures vanquished.

Notes
Turn   | Place    | Note
-------+----------+-------------------------------------------
     0 | D:1      | DasRunzen the Demigod Gladiator began the quest for the
                  | Orb.
     0 | D:1      | Reached XP level 1. HP: 17/17 MP: 3/3
     7 | D:1      | Noticed a minotaur zombie
   252 | D:1      | Reached XP level 2. HP: 24/24 MP: 4/4
   829 | D:2      | Reached skill level 1 in Armour
   850 | D:2      | HP: 1/24 [frozen (3)]
   852 | D:2      | Frozen to death by an endoplasm

Illustrated notes

Levels and vault maps discovered:
D:1:      shiori_arrival_whats_in_store_for_you, layout_basic,
          ebering_ecumenical_altar_mist, minmay_splitting_lines
D:2:      minmay_recursive_quarters, layout_basic, serial_park_tiny_1,
          serial_bayou_pond_c, minmay_pentomino_u4, uniq_sigmund

Skill      XL: |  1  2 |
---------------+-------+-----
Fighting       | 2 |  2.1
Armour         | 1 |  1.0
Dodging        | 3 |  3.0
Polearms       | 3 |  3.0
Throwing       | |  1.7

Action                   || total
-------------------------++-------
Melee: Trident           ||    54
  Use: Scroll            ||     2
       Potion            ||     1
Armor: Leather armour    ||    19
Dodge: Dodged            ||    54

Table legend: (Time is in decaauts)
 A = Elapsed time spent in this place.
 B = Non-inter-level travel time spent in this place.
 C = Inter-level travel time spent in this place.
 D = Time resting spent in this place.
 E = Time spent auto-exploring this place.
 F = Levels seen in this place.
 G = Mean time per level.
                   A        B        C        D        E       F      G
               +--------+--------+--------+--------+--------+-----+--------+
         Total |    860 |    852 |      8 |      0 |    725 |   2 |  430.0 |
       Dungeon |    860 |    852 |      8 |      0 |    725 |   2 |  430.0 |
               +--------+--------+--------+--------+--------+-----+--------+

Top non-repeatable levels by time:
     D:1: 791 daAuts
     D:2: 68 daAuts
